 Dungeon Crawl Stone Soup version 0.30-a0-879-ga8ba668304 (webtiles) character file.

Game seed: 11723804118011675841

453369 selver the Warrior (level 23, -3/203 (207) HPs)
             Began as a Demonspawn Venom Mage on Mar 13, 2023.
             Was the Champion of Vehumet.
             Slain by Parghit (29 damage)
             ... on level 3 of the Depths on Mar 14, 2023.
             The game lasted 05:26:25 (57506 turns).

selver the Warrior (Demonspawn Venom Mage)         Turns: 57506, Time: 05:26:25

HP:   -3/203 (207)  AC: 23    Str: 22    XL:     23   Next: 23%
MP:   30/44         EV: 21    Int: 42    God:    Vehumet [******]
Gold: 1225          SH:  9    Dex: 18    Spells: 5/56 levels left

rFire   + . .      SeeInvis .    m - +9 demon whip (chaos)
rCold   . . .      Faith    .    K - +3 warlock's mirror {omnireflect}
rNeg    . . .      Spirit   .    w - quicksilver dragon scales
rPois   +          Reflect  +    (helmet unavailable)
rElec   +          Rampage  .    a - +1 cloak of Riusilev {rPois rC+ Int+4}
rCorr   +                        c - +1 pair of gloves of the Loofah {rF+ Int+5}
Will    +....                    G - +2 pair of boots {Fly}
Stlth   +++++                    W - amulet of Udop {RegenMP rC- Str+5}
HPRegen 0.53/turn                i - ring "Himpeuvo" {rPois rCorr Dex+3 Slay+4}
MPRegen 0.69/turn                P - ring "Obrio" {rElec rPois Will- Str+8 Int+7}

@: mighty, about to teleport, flying, very slightly contaminated, lightly
drained
A: horns 3, rugged brown scales 3, powered by death 2, powered by pain 3,
corrupting presence 1
}: 2/15 runes: decaying, serpentine
a: Renounce Religion


You were on level 3 of the Depths.
You worshipped Vehumet.
Vehumet was exalted by your worship.
You visited 9 branches of the dungeon, and saw 41 of its levels.
You visited the Abyss 1 time.
You visited 1 bazaar.
You also visited: Bailey, Gauntlet and Ice Cave.

You collected 7503 gold pieces.
You spent 6278 gold pieces at shops.

Inventory:

Hand Weapons
 m - a +9 demon whip of chaos (weapon)
Armour
 a - the +1 cloak of Riusilev (worn) {rPois rC+ Int+4}
   (You acquired it in the Ecumenical Temple)

   Int:       It affects your intelligence (+4).
   rC:        It protects you from cold.
   rPois:     It protects you from poison.
 c - the +1 pair of gloves of the Loofah (worn) {rF+ Int+5}
   (You acquired it in the Ecumenical Temple)

   Int:       It affects your intelligence (+5).
   rF:        It protects you from fire.
 g - a scarf of repulsion
 j - the +1 robe of the Dropbear {Str+7 Archmagi}
   (You found it on level 1 of the Lair of Beasts)

   Str:       It affects your strength (+7).
   Archmagi:  It increases the power of your magical spells.
 k - the +3 pair of gauntlets of War {Slay+5}
   (You found it in an ice cave)

   Slay:      It affects your accuracy & damage with ranged weapons and melee
   (+5).
 p - the -2 pair of boots of the Ecumenical Temple {rPois rN+ Will++ Dex-2}
   (You found it in a bailey)

   Dex:       It affects your dexterity (-2).
   rPois:     It protects you from poison.
   rN:        It protects you from negative energy.
   Will:      It greatly increases your willpower.
 w - quicksilver dragon scales (worn)
 G - a +2 pair of boots of flying (worn)
 K - the +3 warlock's mirror (worn) {omnireflect}
   (You found it on level 5 of the Lair of Beasts)

   Omnireflect: It can block and reflect piercing ranged attacks and magical
   attacks against the wielder's willpower.
Jewellery
 f - a +5 ring of evasion
 i - the ring "Himpeuvo" (left hand) {rPois rCorr Dex+3 Slay+4}
   (You found it in a Gauntlet)

   [ring of slaying]

   Dex:       It affects your dexterity (+3).
   Slay:      It affects your accuracy & damage with ranged weapons and melee
   (+4).
   rPois:     It protects you from poison.
   rCorr:     It protects you from acid and corrosion.
 y - a ring of magical power
 z - the ring "Eleelipu" {Ice +Blink Will+ Dex-4}
   (You took it off Josephina on level 2 of the Depths)

   [ring of ice]

   It enhances your ice magic.
   Dex:       It affects your dexterity (-4).
   rF:        It makes you vulnerable to fire.
   rC:        It protects you from cold.
   +Blink:    It lets you blink.
   Will:      It increases your willpower.
 H - a +6 ring of intelligence
 I - a ring of see invisible
 O - a +6 ring of intelligence
 P - the ring "Obrio" (right hand) {rElec rPois Will- Str+8 Int+7}
   (You bought it in a shop on level 1 of the Snake Pit)

   [ring of poison resistance]

   Str:       It affects your strength (+8).
   Int:       It affects your intelligence (+7).
   rElec:     It insulates you from electricity.
   rPois:     It protects you from poison.
   Will:      It decreases your willpower.
 R - an amulet of reflection
 W - the amulet of Udop (around neck) {RegenMP rC- Str+5}
   (You found it in an ice cave)

   [amulet of magic regeneration]

   It increases your rate of magic regeneration.
   Str:       It affects your strength (+5).
   rC:        It makes you vulnerable to cold.
Wands
 U - a wand of digging (13)
Scrolls
 d - 8 scrolls of vulnerability
 h - 7 scrolls of amnesia
 o - 11 scrolls of poison
 s - 8 scrolls of teleportation
 B - 3 scrolls of enchant armour
 D - 23 scrolls of identify
 E - 3 scrolls of fog
 L - a scroll of silence
 M - a scroll of fear
 V - 5 scrolls of magic mapping
 X - 2 scrolls of enchant weapon
 Y - 2 scrolls of butterflies
Potions
 b - 24 potions of curing
 e - 3 potions of might
 n - a potion of invisibility
 q - 11 potions of attraction
 r - 6 potions of brilliance
 t - 4 potions of magic
 x - 6 potions of mutation
 C - 5 potions of flight
 F - 5 potions of resistance
 N - 2 potions of haste
 Z - 3 potions of berserk rage
Miscellaneous
 l - a tin of tremorstones (2/2)
 u - a lightning rod (4/4)
 J - a phial of floods
 Q - a condenser vane
 T - a box of beasts


   Skills:
 + Level 19.4 Fighting
 - Level 12.0 Maces & Flails
 - Level 8.0 Armour
 + Level 16.9 Dodging
 - Level 14.0 Stealth
 - Level 5.0 Shields
 + Level 17.2 Spellcasting
 - Level 13.5 Conjurations
 - Level 8.4 Transmutations
 - Level 5.8 Fire Magic
 - Level 2.4 Air Magic
 - Level 2.0 Earth Magic
 - Level 10.9 Poison Magic
 - Level 11.0 Evocations


You had 5 spell levels left.
You knew the following spells:

 Your Spells              Type           Power      Damage    Failure   Level
a - Fireball              Conj/Fire      43%        3d17      1%          5
b - Poisonous Vapours     Pois/Air       100%       N/A       1%          2
c - Olgreb's Toxic Radia  Pois           91%        N/A       1%          4
d - Mephitic Cloud        Conj/Pois/Air  84%        N/A       1%          3
e - Searing Ray           Conj           100%       2d8       0%          2
f - Orb of Destruction    Conj           49%        9d13      1%          7
g - Eringya's Noxious Bo  Tmut/Pois      43%        N/A       1%          6
h - Arcjolt               Conj/Air       40%        1d50      1%          5
i - Irradiate             Conj/Tmut      45%        3d26      1%          5
j - Starburst             Conj/Fire      43%        6d12      1%          6
k - Iron Shot             Conj/Erth      40%        9d8       2%          6

Your spell library contained the following spells:

 Spells                   Type           Power      Damage    Failure   Level
 Chain Lightning          Conj/Air       40%        3d53      100%        9
 Shatter                  Erth           26%        3d22*     100%        9
 Magic Dart               Conj           100%       1d8       0%          1
 Apportation              Tloc           72%        N/A       1%          1
 Beastly Appendage        Tmut           100%       N/A       1%          1
 Freeze                   Ice            100%       1d10      1%          1
 Kiss of Death            Conj/Necr      100%       2d13      1%          1
 Necrotise                Necr           100%       1d9       1%          1
 Sandblast                Erth           100%       2d20      1%          1
 Shock                    Conj/Air       100%       1d9       1%          1
 Slow                     Hex            100%       N/A       1%          1
 Sting                    Tmut/Pois      100%       1d8       1%          1
 Cigotuvi's Dreadful Rot  Necr/Pois/Air  100%       N/A       1%          2
 Passwall                 Tmut/Erth      57%        N/A       1%          2
 Scorch                   Fire           100%       2d10      1%          2
 Static Discharge         Conj/Air       100%       2-7/arc   1%          2
 Wereblood                Tmut           82%        N/A       1%          2
 Dazzling Flash           Conj/Hex       100%       N/A       1%          3
 Frozen Ramparts          Ice            72%        1d11      1%          3
 Hailstorm                Conj/Ice       75%        3d15      1%          3
 Ignite Poison            Fire/Tmut/Pois 82%        N/A       1%          3
 Kindle Blastsparks       Fire/Tloc/Air  100%       2d18      1%          3
 Spider Form              Tmut/Pois      87%        N/A       1%          3
 Stone Arrow              Conj/Erth      100%       3d13      1%          3
 Swiftness                Air            54%        N/A       1%          3
 Airstrike                Air            27%        2d(4-20)  1%          4
 Flame Wave               Conj/Fire      87%        2d19      1%          4
 Fulminant Prism          Conj/Hex       37%        3d18      1%          4
 Petrify                  Tmut/Erth      69%        N/A       1%          4
 Sticky Flame             Conj/Fire      87%        2d10      1%          4
 Alistair's Intoxication  Tmut/Pois      58%        N/A       1%          5
 Blade Hands              Tmut           41%        N/A       1%          5
 Freezing Cloud           Conj/Ice/Air   34%        6-21      1%          5
 Yara's Violent Unravell  Hex/Tmut       32%        3d13      1%          5
 Blink                    Tloc           72%        N/A       2%          2
 Call Imp                 Summ           36%        N/A       2%          2
 Sublimation of Blood     Necr           36%        N/A       2%          2
 Ice Form                 Ice/Tmut       64%        N/A       2%          4
 Confusing Touch          Hex            36%        N/A       4%          3
 Ozocubu's Armour         Ice            36%        N/A       4%          3
 Portal Projectile        Hex/Tloc       72%        N/A       4%          3
 Tukima's Dance           Hex            36%        N/A       4%          3
 Vampiric Draining        Necr           36%        2d8       4%          3
 Lee's Rapid Deconstruct  Erth           26%        3d14*     4%          5
 Animate Armour           Summ/Erth      88%        N/A       9%          4
 Leda's Liquefaction      Hex/Erth       22%        N/A       9%          4
 Anguish                  Hex/Necr       18%        N/A       14%         4
 Dispel Undead            Necr           36%        3d15      14%         4
 Manifold Assault         Tloc           36%        N/A       14%         4
 Passage of Golubria      Tloc           36%        N/A       14%         4
 Summon Ice Beast         Ice/Summ       36%        N/A       14%         4
 Agony                    Necr           36%        N/A       36%         5
 Summon Forest            Summ/Tloc      18%        N/A       36%         5
 Summon Mana Viper        Hex/Summ       36%        N/A       36%         5
 Conjure Ball Lightning   Conj/Air       40%        3x3d13    2%          6
 Statue Form              Tmut/Erth      46%        N/A       26%         6
 Dragon Form              Tmut           41%        N/A       36%         7
 Lehudib's Crystal Spear  Conj/Erth      40%        10d10     65%         8
 Storm Form               Tmut/Air       34%        N/A       78%         7
 Ignition                 Fire           36%        3d11      87%         8
 Death Channel            Necr           18%        N/A       91%         6
 Dispersal                Tloc           18%        N/A       91%         6
 Simulacrum               Ice/Necr       18%        N/A       91%         6
 Summon Cactus Giant      Summ           18%        N/A       91%         6
 Ozocubu's Refrigeration  Ice            18%        4d11      94%         7
 Enfeeble                 Hex            18%        N/A       100%        7
 Monstrous Menagerie      Summ           18%        N/A       100%        7
 Disjunction              Tloc           18%        N/A       100%        8
 Polar Vortex             Ice            18%        N/A       100%        9


Dungeon Overview and Level Annotations

Branches:
Dungeon (15/15)            Temple (1/1) D:6            Lair (5/5) D:11
  Swamp (4/4) Lair:3        Snake (4/4) Lair:3        Slime (0/5) Lair:4
    Orc (2/2) D:11            Elf (3/3) Orc:2        Vaults (4/5) D:14
  Crypt (0/3) Vaults:3     Depths (3/4) D:15         Bailey (visited)
  IceCv (visited)         Gauntlet (visited)

Altars:
Ashenzari
Cheibriados
Dithmenos
Fedhas
Hepliaklqana
Kikubaaqudgha
Okawaru
Qazlal
Ru
Sif Muna
Trog
Uskayaw
Vehumet
Wu Jian
Xom
Jiyva

Shops:
D:2 (   D:5 =   D:8 **   D:10 *   D:13 *   Orc:2 ([(*   Elf:2 (!   Snake:1 =:
Depths:1 *   Depths:3 !=

Portals:
Hell: Depths:1 Depths:2
Abyss: Depths:2
Pandemonium: Depths:2
Trove: Vaults:2 (give +2 storm dragon scales)

Annotations:
D:3 Grinder, Natasha
Lair:3 3 runed translucent doors, Vade's ghost, journeyman DsGl
Lair:4 3 runed translucent doors, bobo's ghost, journeyman KoHu
Lair:5 exclusion: oklob plant
Swamp:2 Zenkrye's ghost, adept HuCA
Vaults:1 2 transporters, Henlumuh's ghost, veteran NaIE
Depths:3 Parghit


Innate Abilities, Weirdness & Mutations

You have a pair of large horns on your head.
You are completely covered in rugged brown scales. (AC +3, +7% HP)
You regenerate health from kills.
You are powered by pain.
Your presence sometimes corrodes those you injure.


Message History

Parghit is severely wounded.
You barely miss Parghit. You headbutt Parghit!!
Parghit is almost dead.
Parghit closely misses you. Parghit claws you!!
* * * LOW HITPOINT WARNING * * *
You focus on the pain.
You feel your power returning. Parghit misses you.
Casting: Iron Shot (mildly dangerous; 2% risk of failure)
Confirm with . or Enter, or press ? or * to list all spells.
You erupt in a fountain of uncontrolled magic!
Parghit is blasted with magical radiation!!
Parghit is almost dead.
You are very lightly contaminated with residual magic.
Parghit bites you!!
* * * LOW HITPOINT WARNING * * *
You focus on the pain.
You feel your power returning. Parghit closely misses you.
You block Parghit's attack.
You hit Parghit.
Parghit is severely wounded.
You closely miss Parghit. You headbutt Parghit.
Parghit is severely wounded.
You block Parghit's attack. Parghit misses you. x2
You whack Parghit!
Parghit seems to be corroded for longer.
You freeze Parghit.
Parghit is severely wounded.
You whack Parghit!
You feel better.
Your headbutt misses Parghit.
Parghit is severely wounded.
Parghit bites you.
* * * LOW HITPOINT WARNING * * *
You block Parghit's attack. Parghit claws you but does no damage.
You hit Parghit.
Parghit seems to be corroded for longer.
You headbutt Parghit!
Parghit is severely wounded.
Parghit barely misses you. Parghit claws you!
* * * LOW HITPOINT WARNING * * *
Parghit completely misses you.
As you read the scroll of teleportation, it crumbles to dust.
You feel strangely unstable. Parghit bites you!!
You die...

##..[[>..#...'........
#..#####.#...........
#..#~~~#.(...#.##'##
'..#~~~#.#[.......#
#..#####....##.#..#
#....(....#.##.#.##
#..###......##.#'###
............)......#
...##'##........@†.#
.).##.##.........T.#
...#...#.....##.......
...#...#....####....###
...#...#...## ##....#
#..#...#..## #...#
##.#...#.##. ...#
.###...###.. ...#
.##....##...


You could see Parghit (corroded).

Vanquished Creatures
  Mennas (Vaults:4)
  2 juggernauts (Depths:3)
  Josephina (Depths:2)
  Sojobo (Vaults:3)
  Frederick (Vaults:3)
  Bai Suzhen (Vaults:3)
  Margery (Vaults:4)
  Saint Roka (Depths:1)
  3 caustic shrikes (Depths:2)
  A tentacled monstrosity (Depths:3)
  Jorgrun (Swamp:3)
  A lich (Depths:2)
  3 deep elf blademasters (Elf:3)
  Mlioglotl (Snake:2)
  2 titans (Depths:3)
  2 deep elf master archers (Elf:3)
  8 sphinxes
  3 thorn hunters
  Kirke (D:12)
  A storm dragon (Depths:3)
  Agnes (D:14)
  4 tengu reavers
  A fenstrider witch (Swamp:3)
  4 fire giants
  3 azure jellies (IceCv)
  A rockslime (IceCv)
  12 vault wardens
  4 nagarajas
  7 deep elf sorcerers
  A frost giant (Depths:2)
  2 iron dragons (Depths:3)
  Aizul (Snake:3)
  5 quicksilver oozes (IceCv)
  A spriggan defender (Depths:3)
  3 ghouls (Swamp:3)
  4 deep elf elementalists (Elf:3)
  A reaper (Depths:2)
  9 ironbound preservers
  3 war gargoyles
  20 very ugly things
  2 stone giants
  2 vampire knights (Depths:2)
  A broodmother (shapeshifter) (Vaults:1)
  6 deep elf demonologists
  9 ironbound thunderhulks
  13 deep elf annihilators
  3 eleionomae
  14 dire elephants
  An eleionoma (shapeshifter) (Elf:2)
  4 bunyips
  A minotaur (Gauntlet)
  5 spark wasps (Depths:3)
  3 crystal guardians (Vaults:1)
  9 deep elf death magi
  4 deep elf high priests (Elf:3)
  3 ettins
  A shambling mangrove (Swamp:3)
  11 fire dragons
  A jiangshi (Depths:2)
  4 salamander tyrants
  4 great orbs of eyes
  3 entropy weavers
  9 ice dragons
  14 vault guards
  6 yaktaur captains
  A rakshasa (Depths:2)
  4 peacekeepers
  A hell beast (Depths:1)
  8 boulder beetles
  11 ironbound frosthearts
  26 centaur warriors
  2 ogre magi (D:14)
  6 ghost crabs
  20 hydras
  4 catoblepae
  5 tengu warriors
  3 two-headed ogres
  26 dancing weapons
  15 naga warriors
  15 anacondas
  7 alligators
  3 deep troll shamans
  2 death scarabs (Gauntlet)
  6 death yaks
  A vampire mage (Depths:2)
  12 deep troll earth magi
  A spriggan berserker (Depths:3)
  2 hell hogs (Depths:1)
  2 orc high priests
  8 shock serpents
  A thrashing horror (Abyss:3)
  8 naga sharpshooters
  14 hell knights
  2 skysharks (Lair:5)
  12 deep elf knights
  4 soul eaters
  4 iron trolls
  4 sun demons
  A spectral death yak (Gauntlet)
  Amaemon (D:10)
  3 sea snakes (Snake:1)
  A spark wasp zombie (Depths:2)
  5 salamander mystics
  7 goliath frogs
  A death drake (Swamp:4)
  2 fire crabs (Swamp:4)
  A deep troll (shapeshifter) (Depths:3)
  2 flayed ghosts (Depths:3)
  4 spriggan druids
  11 swamp dragons
  An orange crystal statue (Elf:1)
  5 lindwurms
  15 deep elf archers
  44 deep trolls
  A glowing orange brain (D:15)
  4 bog bodies
  10 ironbound convokers
  7 naga ritualists
  2 phantasmal warriors (Depths:2)
  A shadow dragon zombie (Depths:2)
  15 orc knights
  8 wizards
  3 necromancers
  12 mana vipers
  32 deep elf zephyrmancers
  39 deep elf pyromancers
  8 harpies
  2 orc sorcerers
  38 ugly things
  9 will-o-the-wisps
  A wolf spider (Lair:1)
  27 salamanders
  Maurice (D:8)
  A frost giant zombie (Depths:1)
  6 cyclopes
  21 elephants
  4 manticores
  7 guardian serpents
  3 moths of wrath
  An iron dragon skeleton (Depths:2)
  35 black mambas
  2 orange demons
  11 naga magi
  A titan simulacrum (Depths:2)
  13 vault sentinels
  5 torpor snails (Lair:5)
  An unseen horror (D:10)
  2 ice statues (D:14)
  3 smoke demons (Depths:1)
  12 komodo dragons
  4 rime drakes
  19 cane toads
  6 tengu conjurers
  3 kobold demonologists
  3 freezing wraiths
  27 yaktaurs
  A golden dragon simulacrum (Depths:1)
  7 trolls
  A polar bear (Lair:5)
  9 meliai
  21 tyrant leeches
  A bloated husk (Swamp:1)
  A tarantella (Vaults:1)
  15 hornets
  Prince Ribbit (D:7)
  22 blink frogs
  A spectral dream sheep (Gauntlet)
  A dream sheep (shapeshifter) (D:9)
  A tengu simulacrum (Depths:2)
  A spectral black mamba (Gauntlet)
  A fire giant simulacrum (Depths:2)
  7 dream sheep
  40 slime creatures
  3 air elementals
  12 spriggans
  A culicivora (shapeshifter) (Elf:1)
  A vampire (D:12)
  5 water elementals
  Eustachio (D:4)
  21 yaks
  3 hogs (D:12)
  A wraith (D:14)
  2 fire elementals (Elf:1)
  4 steam dragons
  A basilisk (Lair:5)
  A chaos spawn (Depths:2)
  3 wyverns (Lair:5)
  A spectral komodo dragon (Gauntlet)
  17 vampire mosquitoes
  A spriggan simulacrum (Depths:1)
  6 redbacks
  33 nagas
  14 wargs
  18 swamp worms
  2 acid dragons
  17 water moccasins
  7 swamp drakes
  A floating eye (Depths:3)
  2 sky beasts
  A meliai simulacrum (D:13)
  4 great orb of eyes simulacra (IceCv)
  6 ogres
  57 orc warriors
  7 centaurs
  21 wolves
  A small abomination (Abyss:3)
  A slime creature simulacrum (IceCv)
  7 kobold brigands
  14 bullfrogs
  2 necrophages (Swamp:3)
  2 scorpions
  3 glowing shapeshifter simulacra
  2 gnoll sergeants
  7 earth elementals
  A wight (D:8)
  4 killer bees (D:9)
  4 howler monkeys
  6 electric eels
  A hound (D:7)
  A jelly (D:6)
  15 orc priests
  3 sleepcaps
  4 iguanas
  28 orc wizards
  Natasha (twice) (D:3)
  A hell rat (Lair:5)
  17 gnolls
  9 adders
  2 shadow imps
  2 white imps
  2 ufetubi
  2 worms
  2 dart slugs (D:2)
  107 orcs
  7 bats
  2 endoplasms (D:1)
  3 giant cockroaches
  7 goblins
  10 hobgoblins
  8 jackals
  45 kobolds
  7 quokkas
  14 ball pythons
  5 frilled lizards
  8 rats
  3 briar patches
  A plant (Lair:5)
1787 creatures vanquished.

Vanquished Creatures (others)
  A fire dragon (Swamp:4)
  A jiangshi (Depths:2)
  2 hydras (Swamp:4)
  Sonja (D:13)
  A tengu zombie (Depths:2)
  A naga mage (Snake:4)
  A spriggan (Swamp:4)
  A swamp worm (Swamp:4)
  4 swamp drakes (Swamp:4)
  An orc priest (Orc:1)
  4 briar patches
  16 foxfires
  15 fungi
  103 plants
  12 starspawn tentacles (Abyss:3)
164 creatures vanquished.

Grand Total: 1951 creatures vanquished

Notes
Turn   | Place    | Note
-------+----------+-------------------------------------------
     0 | D:1      | selver the Demonspawn Venom Mage began the quest for the
                  | Orb.
     0 | D:1      | Reached XP level 1. HP: 13/13 MP: 3/3
   141 | D:1      | Gained mutation: You are partially covered in rugged brown
                  | scales. (AC +1, +3% HP) [demonic ancestry]
   141 | D:1      | Reached XP level 2. HP: 6/19 MP: 0/5
   596 | D:1      | Learned a level 2 spell: Poisonous Vapours
   918 | D:2      | Reached XP level 3. HP: 7/24 MP: 1/6
  1424 | D:2      | Found Lurutown's Antique Weapon Shoppe.
  1446 | D:2      | Got the Monograph on Excruciating Correspondence
  1810 | D:2      | Found the +7 Kryia's mail coat {PotionHeal*2 rC+}
  1817 | D:2      | Reached XP level 4. HP: 30/30 MP: 7/7
  2008 | D:3      | Noticed Natasha
  2020 | D:3      | Reached skill level 5 in Poison Magic
  2210 | D:3      | Killed Natasha
  2248 | D:3      | Noticed Natasha
  2260 | D:3      | Killed Natasha
  2261 | D:3      | Gained mutation: You sometimes gain a little power by
                  | taking damage. [demonic ancestry]
  2261 | D:3      | Reached XP level 5. HP: 27/36 MP: 8/8
  2387 | D:3      | Noticed Grinder
  3008 | D:3      | Learned a level 4 spell: Olgreb's Toxic Radiance
  3043 | D:3      | Paralysed by Grinder for 3 turns
  3049 | D:3      | Noticed Natasha
  3428 | D:4      | Noticed Eustachio
  3446 | D:4      | Killed Eustachio
  3447 | D:4      | Gained mutation: You sometimes gain power by taking damage.
                  | [demonic ancestry]
  3447 | D:4      | Reached XP level 6. HP: 19/42 MP: 7/9
  3603 | D:4      | Found a shimmering altar of Xom.
  3770 | D:4      | Gained mutation: You regenerate a little health from kills.
                  | [demonic ancestry]
  3770 | D:4      | Reached XP level 7. HP: 28/47 MP: 10/10
  4313 | D:4      | Learned a level 3 spell: Mephitic Cloud
  4830 | D:5      | Entered Level 5 of the Dungeon
  5712 | D:5      | Found Uxifida's One-of-a-Kind Rings.
  5904 | D:6      | Reached skill level 1 in Conjurations
  5904 | D:6      | Reached skill level 1 in Air Magic
  6502 | D:6      | Found a staircase to the Ecumenical Temple.
  6541 | D:6      | Gained mutation: You have a pair of small horns on your
                  | head. [demonic ancestry]
  6541 | D:6      | Reached XP level 8. HP: 53/53 MP: 11/11
  6789 | Temple   | Entered the Ecumenical Temple
  6806 | Temple   | Became a worshipper of Vehumet
  6855 | Temple   | Identified 2 scrolls of acquirement
  6855 | Temple   | Acquired the +1 pair of gloves of the Loofah {rF+ Int+5}
  6867 | Temple   | Acquired the +1 cloak of Riusilev {rPois rC+ Int+4}
  7071 | D:7      | Noticed Prince Ribbit
  7081 | D:7      | Reached skill level 1 in Fighting
  7081 | D:7      | Killed Prince Ribbit
  7082 | D:7      | Reached skill level 2 in Fighting
  7459 | D:7      | Identified the +3 ring mail of Mezcal {Fly}
  7505 | D:7      | Reached skill level 3 in Fighting
  7738 | D:7      | Gained mutation: You regenerate health from kills. [demonic
                  | ancestry]
  7738 | D:7      | Reached XP level 9. HP: 66/66 MP: 13/16
  8045 | D:8      | Reached skill level 4 in Fighting
  8045 | D:8      | Reached skill level 5 in Spellcasting
  8121 | D:8      | Learned a level 2 spell: Searing Ray
  8288 | D:8      | Found Veofaipeo's Specific Store.
  8288 | D:8      | Found Suasodof's General Store.
  8307 | D:8      | Bought a scroll of blinking for 97 gold pieces
  8307 | D:8      | Bought a scroll of teleportation for 39 gold pieces
  8396 | D:8      | Reached * piety under Vehumet
  8396 | D:8      | Offered knowledge of Sandblast by Vehumet.
  8661 | D:8      | Noticed Maurice
  8683 | D:8      | Killed Maurice
  8684 | D:8      | Reached skill level 5 in Fighting
  9483 | D:9      | Reached skill level 6 in Fighting
  9716 | D:9      | Offered knowledge of Foxfire by Vehumet.
  9805 | D:9      | Reached ** piety under Vehumet
  9857 | D:9      | Reached skill level 7 in Fighting
  9857 | D:9      | Gained mutation: You are powered by pain. [demonic
                  | ancestry]
  9857 | D:9      | Reached XP level 10. HP: 81/81 MP: 21/21
 10079 | D:9      | Noticed a boulder beetle
 10087 | D:9      | Killed a boulder beetle
 10379 | D:9      | Reached skill level 8 in Fighting
 11077 | D:9      | Identified the +0 robe of Insatiable Hunger {rF++ rCorr
                  | Int+3}
 11315 | D:10     | Entered Level 10 of the Dungeon
 11397 | D:10     | Found a flagged portal.
 11405 | Bailey   | Entered a bailey
 11482 | Bailey   | Offered knowledge of Hailstorm by Vehumet.
 11742 | Bailey   | Reached skill level 5 in Dodging
 11775 | Bailey   | Identified the -2 pair of boots of the Ecumenical Temple
                  | {rPois rN+ Will++ Dex-2}
 11869 | D:10     | Noticed Amaemon
 11870 | D:10     | Noticed an orange demon
 11871 | D:10     | Noticed a two-headed ogre
 11877 | D:10     | Killed Amaemon
 11878 | D:10     | Reached skill level 9 in Fighting
 11880 | D:10     | Killed a two-headed ogre
 11881 | D:10     | Reached XP level 11. HP: 88/91 MP: 12/23
 11881 | D:10     | Reached *** piety under Vehumet
 12257 | D:10     | Reached skill level 1 in Shields
 12317 | D:10     | Found a faded altar of an unknown god.
 12317 | D:10     | Found a hide-covered altar of Uskayaw.
 12335 | D:10     | Found a stormy altar of Qazlal.
 12340 | D:10     | Found a hazy altar of Hepliaklqana.
 12521 | D:10     | Found Awkoasch's Assorted Antiques.
 12524 | D:10     | Bought 2 scrolls of enchant weapon for 510 gold pieces
 12976 | D:11     | Found a staircase to the Lair.
 12998 | D:11     | Noticed a two-headed ogre
 13010 | D:11     | Killed a two-headed ogre
 13011 | D:11     | Reached skill level 1 in Maces & Flails
 13154 | D:11     | Offered knowledge of Sticky Flame by Vehumet.
 13183 | D:11     | Found a staircase to the Orcish Mines.
 13702 | Lair:1   | Entered Level 1 of the Lair of Beasts
 13796 | Lair:1   | Reached **** piety under Vehumet
 13957 | Lair:1   | Reached skill level 5 in Shields
 14018 | Lair:1   | Identified the +1 robe of the Dropbear {Str+7 Archmagi}
 14204 | Lair:1   | Noticed a wolf spider
 14209 | Lair:1   | Offered knowledge of Freezing Cloud by Vehumet.
 14213 | Lair:1   | Reached skill level 5 in Maces & Flails
 14218 | Lair:1   | Killed a wolf spider
 14891 | Lair:2   | Reached XP level 12. HP: 93/97 MP: 24/24
 15343 | Lair:2   | Noticed a death yak
 15356 | Lair:2   | Killed a death yak
 15438 | Lair:2   | Noticed a death yak
 15438 | Lair:2   | Noticed a death yak
 15440 | Lair:2   | Noticed a death yak
 15451 | Lair:2   | Noticed a death yak
 15460 | Lair:2   | Killed a death yak
 15461 | Lair:2   | Killed a death yak
 15468 | Lair:2   | Killed a death yak
 15476 | Lair:2   | Killed a death yak
 15922 | Lair:3   | Noticed a five-headed hydra
 15928 | Lair:3   | Killed a five-headed hydra
 15929 | Lair:3   | Reached skill level 10 in Maces & Flails
 16111 | Lair:3   | Found a staircase to the Snake Pit.
 16210 | Lair:3   | Reached ***** piety under Vehumet
 16210 | Lair:3   | Offered knowledge of Orb of Destruction by Vehumet.
 16223 | Lair:3   | Learned a level 7 spell: Orb of Destruction
 16419 | Lair:3   | Noticed a seven-headed hydra
 16430 | Lair:3   | Killed a seven-headed hydra
 16749 | Lair:3   | Noticed a six-headed hydra
 16757 | Lair:3   | Killed a six-headed hydra
 16758 | Lair:3   | Reached XP level 13. HP: 99/104 MP: 25/25
 16796 | Lair:3   | Reached skill level 5 in Conjurations
 16798 | Lair:3   | Found a runed translucent gate.
 16897 | Lair:3   | Found a runed translucent gate.
 16897 | Lair:3   | Found a runed translucent gate.
 16897 | Lair:3   | Noticed Vade's ghost (journeyman DsGl)
 17040 | Lair:3   | Found a staircase to the Swamp.
 17352 | Lair:4   | Found a runed translucent gate.
 17363 | Lair:4   | Found a runed translucent gate.
 17817 | Lair:4   | Found a runed translucent gate.
 17817 | Lair:4   | Noticed an acid blob
 17817 | Lair:4   | Noticed an acid blob
 17817 | Lair:4   | Noticed an azure jelly
 17817 | Lair:4   | Noticed an acid blob
 17817 | Lair:4   | Noticed an azure jelly
 17818 | Lair:4   | Found a viscous altar of Jiyva.
 17818 | Lair:4   | Noticed an acid blob
 17818 | Lair:4   | Noticed bobo's ghost (journeyman KoHu)
 17818 | Lair:4   | Noticed a quicksilver ooze
 17821 | Lair:4   | Noticed an azure jelly
 17987 | Lair:4   | Found a viscous altar of Jiyva.
 17987 | Lair:4   | Found a staircase to the Slime Pits.
 18594 | Lair:5   | Entered Level 5 of the Lair of Beasts
 18654 | Lair:5   | Reached skill level 10 in Conjurations
 18886 | Lair:5   | Offered knowledge of Eringya's Noxious Bog by Vehumet.
 18948 | Lair:5   | Learned a level 6 spell: Eringya's Noxious Bog
 18977 | Lair:5   | Reached skill level 1 in Transmutations
 19195 | Lair:5   | Gained mutation: You have a pair of horns on your head.
                  | [demonic ancestry]
 19195 | Lair:5   | Reached XP level 14. HP: 111/111 MP: 26/26
 20018 | Lair:5   | Found the +3 warlock's mirror {omnireflect}
 20043 | Lair:5   | Identified the +1 plate armour "Amey" {Str+3 Int+2 Dex+4}
 20523 | Lair:5   | Found a runed translucent door.
 20560 | Lair:5   | Reached skill level 5 in Transmutations
 20965 | Orc:1    | Entered Level 1 of the Orcish Mines
 21249 | Orc:2    | Entered Level 2 of the Orcish Mines
 21783 | Orc:2    | Offered knowledge of Spellforged Servitor by Vehumet.
 21805 | Orc:2    | Reached skill level 10 in Poison Magic
 21872 | Orc:2    | Found Lamos's Antique Weapon Shop.
 21872 | Orc:2    | Found Ockiuxki's General Store.
 21879 | Orc:2    | Bought a scroll of teleportation for 54 gold pieces
 21950 | Orc:2    | Found Mabobb's Armour Shoppe.
 21991 | Orc:2    | Found Myopamaess's Antique Weapon Shop.
 22232 | Orc:2    | Found a staircase to the Elven Halls.
 22590 | D:12     | Found a blossoming altar of Fedhas.
 23137 | D:12     | Reached XP level 15. HP: 116/116 MP: 27/27
 23146 | D:12     | Noticed Kirke
 23160 | D:12     | Killed Kirke
 23335 | D:12     | Offered knowledge of Arcjolt by Vehumet.
 23342 | D:12     | Learned a level 5 spell: Arcjolt
 24610 | D:13     | Found Fubomp's Gadget Gallery.
 24614 | D:13     | Bought a box of beasts for 720 gold pieces
 24681 | D:13     | Noticed Sonja
 24693 | D:13     | Killed Sonja
 24942 | D:14     | Noticed Agnes
 24955 | D:14     | Killed Agnes
 25009 | D:14     | Found a frozen archway.
 25123 | IceCv    | Entered an ice cave
 25455 | IceCv    | Reached skill level 10 in Spellcasting
 25496 | IceCv    | Noticed a rockslime
 25498 | IceCv    | Noticed an azure jelly
 25499 | IceCv    | Killed a rockslime
 25502 | IceCv    | Noticed an azure jelly
 25502 | IceCv    | Killed an azure jelly
 25503 | IceCv    | Noticed an azure jelly
 25517 | IceCv    | Killed an azure jelly
 25525 | IceCv    | Killed an azure jelly
 25621 | IceCv    | Found a viscous altar of Jiyva.
 25639 | IceCv    | Identified the amulet of Udop {RegenMP rC- Str+5}
 25729 | IceCv    | Noticed an azure jelly
 25834 | IceCv    | Offered knowledge of Fireball by Vehumet.
 25848 | IceCv    | Learned a level 5 spell: Fireball
 26290 | IceCv    | Noticed an azure jelly
 26413 | IceCv    | Found the +3 pair of gauntlets of War {Slay+5}
 26674 | Abyss:3  | Cast into level 3 of the Abyss (orc knight)
 26765 | Abyss:3  | Noticed a tentacled starspawn
 26860 | Abyss:3  | Noticed a tentacled starspawn
 26882 | Abyss:3  | Noticed a tentacled starspawn
 26889 | D:14     | Escaped the Abyss
 27499 | D:14     | Gained mutation: You are mostly covered in rugged brown
                  | scales. (AC +2, +5% HP) [demonic ancestry]
 27499 | D:14     | Reached XP level 16. HP: 53/126 MP: 30/30
 27716 | D:14     | Found a gate to the Vaults.
 28321 | D:15     | Entered Level 15 of the Dungeon
 28361 | D:15     | Reached skill level 10 in Fighting
 28424 | D:15     | Found a staircase to the Depths.
 28571 | D:15     | Found a gate leading to a gauntlet.
 28580 | Gauntlet | Entered a Gauntlet
 28580 | Gauntlet | Found a transporter.
 28580 | Gauntlet | Found a transporter.
 28581 | Gauntlet | Found a transporter.
 28584 | Gauntlet | Found a transporter.
 28636 | Gauntlet | Found a transporter.
 28640 | Gauntlet | Found a transporter.
 28653 | Gauntlet | Found a transporter.
 28674 | Gauntlet | Found a transporter.
 28691 | Gauntlet | Found a transporter.
 28695 | Gauntlet | Found a transporter.
 28705 | Gauntlet | Found a transporter.
 28709 | Gauntlet | Found a transporter.
 28880 | Gauntlet | Reached skill level 10 in Dodging
 28943 | Gauntlet | Identified the ring "Himpeuvo" {rPois rCorr Dex+3 Slay+4}
 29092 | D:15     | Found an ancient bone altar of Kikubaaqudgha.
 29340 | D:15     | Offered knowledge of Lightning Bolt by Vehumet.
 29657 | Snake:1  | Entered Level 1 of the Snake Pit
 29715 | Snake:1  | Reached skill level 11 in Fighting
 29859 | Snake:1  | Found Lingad's Book Emporium.
 29859 | Snake:1  | Found Xobba's Jewellery Boutique.
 29865 | Snake:1  | Found Ceut's Book Emporium.
 29875 | Snake:1  | Bought the ring "Obrio" {rElec rPois Will- Str+8 Int+7} for
                  | 919 gold pieces
 29877 | Snake:1  | Bought a book of Transfigurations for 640 gold pieces
 31090 | Snake:2  | Reached skill level 1 in Armour
 31651 | Snake:2  | Reached skill level 12 in Fighting
 31755 | Snake:2  | Noticed Mlioglotl
 31761 | Snake:2  | Noticed a bone dragon
 32037 | Snake:2  | Killed Mlioglotl
 32717 | Snake:3  | Reached skill level 5 in Armour
 32717 | Snake:3  | Reached XP level 17. HP: 139/139 MP: 31/31
 32975 | Snake:3  | Got Jaateot's Discursus on the Fulgurous Evil Eye
 32976 | Snake:3  | Noticed Aizul
 32986 | Snake:3  | Killed Aizul
 33459 | Snake:3  | Reached ****** piety under Vehumet
 33565 | Snake:4  | Entered Level 4 of the Snake Pit
 34230 | Snake:4  | Offered knowledge of Maxwell's Capacitive Coupling by
                  | Vehumet.
 35020 | Snake:4  | Got a serpentine rune of Zot
 35272 | Swamp:1  | Entered Level 1 of the Swamp
 35279 | Swamp:1  | Learned a level 5 spell: Irradiate
 35431 | Swamp:1  | You are sucked into a shaft and drop 1 floor!
 35481 | Swamp:2  | Reached XP level 18. HP: 121/145 MP: 30/35
 36214 | Swamp:2  | Identified the +4 spear of Rokh {freeze, Int+6}
 36589 | Swamp:2  | Found a transporter.
 36595 | Swamp:2  | Found a transporter.
 36616 | Swamp:2  | Noticed Zenkrye's ghost (adept HuCA)
 36640 | Swamp:2  | Offered knowledge of Shatter by Vehumet.
 36640 | Swamp:2  | Offered knowledge of Chain Lightning by Vehumet.
 36640 | Swamp:2  | Offered knowledge of Polar Vortex by Vehumet.
 36645 | Swamp:2  | Reached skill level 15 in Spellcasting
 36668 | Swamp:2  | Acquired 987 gold pieces
 36854 | Swamp:3  | Noticed Jorgrun
 36864 | Swamp:3  | Killed Jorgrun
 37747 | Swamp:3  | Reached skill level 13 in Fighting
 37814 | Swamp:4  | Entered Level 4 of the Swamp
 38245 | Swamp:4  | Reached skill level 14 in Fighting
 38785 | Swamp:4  | Got a decaying rune of Zot
 38996 | Lair:3   | Learned a level 6 spell: Starburst
 39158 | Elf:1    | Entered Level 1 of the Elven Halls
 39172 | Elf:1    | Reached skill level 1 in Fire Magic
 39197 | Elf:1    | Reached XP level 19. HP: 161/161 MP: 39/39
 39282 | Elf:1    | Reached skill level 15 in Fighting
 39300 | Elf:1    | Found an ancient bone altar of Kikubaaqudgha.
 39958 | Elf:1    | Paralysed by an air elemental for 1 turns
 40014 | Elf:1    | Paralysed by an air elemental for 1 turns
 40205 | Elf:1    | Found a gateway to a bazaar.
 40214 | Bazaar   | Entered a bazaar
 40218 | Bazaar   | Found Zixes's General Store.
 40221 | Bazaar   | Found Wucw's Jewellery Emporium.
 40225 | Bazaar   | Found Foeng's Antique Armour Boutique.
 40247 | Bazaar   | Found Ywoth's Antique Weapon Shoppe.
 40257 | Bazaar   | Found Dung's Distillery.
 40328 | Bazaar   | Bought a potion of curing for 42 gold pieces
 40328 | Bazaar   | Bought a potion of haste for 140 gold pieces
 40328 | Bazaar   | Bought a potion of magic for 112 gold pieces
 40328 | Bazaar   | Bought a potion of curing for 42 gold pieces
 40352 | Bazaar   | Bought a potion of curing for 39 gold pieces
 40352 | Bazaar   | Bought a scroll of teleportation for 39 gold pieces
 40352 | Bazaar   | Bought a scroll of enchant armour for 97 gold pieces
 40539 | Elf:2    | Reached skill level 5 in Fire Magic
 40593 | Elf:3    | Entered Level 3 of the Elven Halls
 40985 | Elf:2    | Found Jamaos's Distillery.
 40985 | Elf:2    | Found Caomieb's Antique Weapon Shoppe.
 41010 | Elf:2    | Bought a bone dire flail for 243 gold pieces
 41010 | Elf:2    | Identified the +4 dire flail of Ignis's Generosity {venom,
                  | Fly rElec Str-4 Stlth+} (You bought it in a shop on level 2
                  | of the Elven Halls)
 41016 | Elf:2    | Bought 2 potions of invisibility for 272 gold pieces
 41016 | Elf:2    | Bought 2 potions of curing for 102 gold pieces
 41016 | Elf:2    | Bought a potion of heal wounds for 85 gold pieces
 41016 | Elf:2    | Bought a potion of mutation for 136 gold pieces
 41311 | Elf:2    | Reached skill level 16 in Fighting
 41419 | Elf:2    | Found a runed translucent gate.
 41419 | Elf:2    | Found a runed translucent gate.
 41432 | Elf:2    | Found a runed translucent gate.
 42886 | Elf:3    | Reached skill level 17 in Fighting
 43622 | Elf:3    | Reached XP level 20. HP: 176/176 MP: 10/40
 43770 | Elf:3    | Identified the amulet "Gulaehyddi" {RegenMP rElec}
 43945 | Elf:3    | Identified the +0 triple sword "Ohawn" {freeze, rElec rC+}
 43945 | Elf:3    | Identified the +3 robe of Gocanij {Regen+ Dex+3}
 43945 | Elf:3    | Identified the amulet of Wida Gui {RegenMP Harm rF++ rC-
                  | Int+2}
 43960 | Elf:3    | Reached skill level 18 in Fighting
 44108 | Elf:3    | Identified the +7 quarterstaff "Navvov" {venom, rC- Will+
                  | Str+3}
 44759 | Vaults:1 | Entered Level 1 of the Vaults
 44822 | Vaults:1 | Reached skill level 1 in Evocations
 45487 | Vaults:1 | Reached skill level 5 in Evocations
 46638 | Vaults:1 | Found a transporter.
 46644 | Vaults:1 | Noticed Henlumuh's ghost (veteran NaIE)
 46708 | Vaults:1 | Identified the +8 great mace "Dorie" {elec, Int+4}
 46747 | Vaults:1 | Found a transporter.
 47635 | Vaults:2 | Identified the +0 buckler "Ruschiusa" {-Tele rC++ Slay+4
                  | SInv}
 47972 | Vaults:2 | Gained mutation: You have a pair of large horns on your
                  | head. [demonic ancestry]
 47972 | Vaults:2 | Reached XP level 21. HP: 185/185 MP: 37/41
 48397 | Vaults:2 | Found a portal to a secret trove of treasure.
 48667 | Vaults:2 | Reached skill level 10 in Evocations
 49726 | Vaults:3 | Found a staircase to the Crypt.
 49799 | Vaults:3 | Noticed Bai Suzhen
 49806 | Vaults:3 | Killed Bai Suzhen
 49807 | Vaults:3 | Reached skill level 5 in Stealth
 50406 | Vaults:3 | Noticed Sojobo
 50413 | Vaults:3 | Killed Sojobo
 50414 | Vaults:3 | Reached skill level 10 in Stealth
 50568 | Vaults:3 | Noticed Frederick
 50579 | Vaults:3 | Killed Frederick
 51238 | Vaults:4 | Noticed Mennas
 51254 | Vaults:4 | Killed Mennas
 51569 | Vaults:4 | Noticed Margery
 51579 | Vaults:4 | Killed Margery
 52137 | Vaults:4 | Gained mutation: Your presence sometimes corrodes those you
                  | injure. [demonic ancestry]
 52137 | Vaults:4 | Reached XP level 22. HP: 162/193 MP: 33/42
 52539 | Depths:1 | Entered Level 1 of the Depths
 52586 | Depths:1 | Found Suaheohu's Elemental Accessories.
 52609 | Depths:1 | Reached skill level 15 in Dodging
 52722 | Depths:1 | Bought the Discourse on Topomancy for 1334 gold pieces
 52729 | Depths:1 | Learned a level 6 spell: Iron Shot
 52771 | Depths:1 | Found a gateway to Hell.
 52780 | Depths:1 | Reached skill level 1 in Earth Magic
 52799 | Depths:1 | Noticed Saint Roka
 52818 | Depths:1 | Killed Saint Roka
 53133 | Depths:1 | Identified the +0 chain mail "Duripyiz" {Regen+ rCorr Dex+4
                  | Slay-2}
 53229 | Depths:1 | Found the +8 arc blade {discharge, rElec}
 54557 | Depths:2 | Found a one-way gate to the infinite horrors of the Abyss.
 54611 | Depths:2 | Noticed a caustic shrike
 54611 | Depths:2 | Noticed a caustic shrike
 54614 | Depths:2 | Noticed a caustic shrike
 54618 | Depths:2 | Killed a caustic shrike
 54618 | Depths:2 | Killed a caustic shrike
 54624 | Depths:2 | Killed a caustic shrike
 54904 | Depths:2 | Identified the ring "Eleelipu" {Ice +Blink Will+ Dex-4}
 54904 | Depths:2 | Noticed Josephina
 54912 | Depths:2 | Killed Josephina
 55010 | Depths:2 | Found a one-way gate leading to the halls of Pandemonium.
 55192 | Depths:3 | Reached skill level 19 in Fighting
 55311 | Depths:3 | Noticed Parghit
 55898 | Depths:3 | Gained mutation: You are completely covered in rugged brown
                  | scales. (AC +3, +7% HP) [demonic ancestry]
 55898 | Depths:3 | Reached XP level 23. HP: 183/207 MP: 43/43
 56021 | Depths:3 | Found Roavi's Jewellery Shop.
 56290 | Depths:3 | Noticed a juggernaut
 56658 | Depths:3 | Killed a juggernaut
 57177 | Depths:3 | Noticed a juggernaut
 57188 | Depths:3 | Found Esiskis's Distillery.
 57196 | Depths:3 | Bought a potion of heal wounds for 110 gold pieces
 57196 | Depths:3 | Bought a potion of might for 88 gold pieces
 57196 | Depths:3 | Bought a potion of curing for 66 gold pieces
 57196 | Depths:3 | Bought a potion of invisibility for 176 gold pieces
 57196 | Depths:3 | Bought a potion of curing for 66 gold pieces
 57196 | Depths:3 | Bought a potion of berserk rage for 110 gold pieces
 57291 | Depths:3 | Killed a juggernaut
 57506 | Depths:3 | Slain by Parghit

Illustrated notes

Levels and vault maps discovered:
D:1:      dpeg_arrival_long_road, layout_rooms
D:2:      layout_basic, serial_shops, shop, basic_altar,
          kennysheep_generic_room_3
D:3:      layout_loops_ring, yredelemnul_forgotten_temple_becter, serial_bayou,
          serial_bayou_crossing, serial_bayou_pond_b, serial_bayou_pond_d,
          serial_bayou_pond_a, hangedman_glass_teeth, minmay_circle_x,
          uniq_natasha, uniq_grinder
D:4:      kb_forest_paths, layout_basic, nicolae_elyvilon_peaceful_grove,
          lemuel_crystal_altar, chequers_serial_rivers_micro_c, uniq_eustachio
D:5:      layout_basic, nicolae_shop_unique_rings, nicolae_titane
D:6:      layout_rooms, temple_doors_e
D:7:      layout_loops_ring, uniq_prince_ribbit1
D:8:      kennysheep_kobold_camp, layout_loops_ring, minmay_misc_feat_roman,
          fungi_pond_lemuel, serial_bayou_pond_b, nicolae_specific_store,
          corexii_corridor_pit, uniq_maurice
D:9:      layout_layer_cave, small_chamber_with_monster
D:10:     layout_basic, chequers_temple_overflow_minitemple, serial_shops,
          nicolae_shop_behind_doors, enter_bailey_3, uniq_amaemon
D:11:     layout_loops_ring, erik_lair_orcish_takeover, hiddenorc2_lemuel
D:12:     layout_irregular_city, fedhas_altar_3, uniq_kirke
D:13:     minmay_ambush_box, layout_gridville, nicolae_shop_gadgets, uniq_sonja
D:14:     layout_rooms, grunt_vaults_entry_fortified,
          portal_ice_cave_entry_ice_statue_two, minmay_joined_circles,
          uniq_agnes
D:15:     grunt_enter_depths_hoard, layout_small_grid, serial_glass,
          glass_columns_c, glass_columns_b, glass_columns_c,
          gauntlet_entry_generic, kiku_gazebo_pond_becter
Temple:   nicolae_temple_bog_church
Lair:1:   layout_gridlike, nicolae_lair_run_with_the_wolves, grunt_megastairs_3
Lair:2:   layout_chaotic_city, grunt_megastairs_1, infiniplex_staircase_pool
Lair:3:   layout_cave_pods, palyth_hydra_swamp_entry,
          minmay_snake_entry_guardpost_small, gammafunk_ghost_necromancy
Lair:4:   layout_regular_city, dpeg_slime_entry_corner, gammafunk_ghost_ooze,
          beast_lair_carwin_8
Lair:5:   hangedman_lair_in_review, layout_regular_city, wormcave,
          serial_bayou_shore_a
Swamp:1:  layout_basic_swamp, nicolae_swamp_tree_isthmus
Swamp:2:  layout_basic_swamp, gammafunk_ghost_berserking_beasts,
          nicolae_swamp_very_dense_foliage, nicolae_swamp_tree_designs
Swamp:3:  layout_basic_swamp, nicolae_swamp_stair_fork, uniq_jorgrun
Swamp:4:  swamp_fiery, layout_basic_swamp, infiniplex_staircase_pool_2
Snake:1:  layout_basic, nicolae_snake_salamander_jacuzzi, minmay_shop_grove
Snake:2:  layout_onion, hangedman_snake_thin_pillar_pass, uniq_mlioglotl
Snake:3:  layout_grid_shapes, serial_bayou_shore_b, nicolae_integral_box,
          uniq_aizul
Snake:4:  snake_pit_salamanders_mu, layout_grid_maze
Orc:1:    layout_caves
Orc:2:    st_orc_town, layout_caves, nicolae_orc_sculptors_studio
Elf:1:    eino_elf_arrival_shootout, layout_rooms, basic_altar, serial_shops,
          statue_bzr, evilmike_minifort
Elf:2:    elven_hall_of_blades_hangedman_original
          [nicolae_blade_entry_area_security], layout_gridlike, minmay_shoptagon
Elf:3:    minmay_elf_hall_four_x, layout_geoelf_grid, nicolae_elf_w_pinch
Vaults:1: gammafunk_ghost_smash, vaults_room_semicircle,
          hangedman_vaults_stream, nicolae_vaults_ring_of_whatevers,
          ontoclasm_vaults_shuriken, v_misc_13, hangedman_vaults_corner_blocks,
          vaults_dpeg_emergency_exit, grunt_vaults_bifocal, st_spiral_rooms,
          vaults_room_door_hall, nicolae_vaults_circle_grid_a, v_misc_30,
          vaults_room_grunt_arrival_ludios, grunt_vaults_funnel,
          nicolae_vaults_little_squares_3, layout_vaults_big_cross
Vaults:2: nicolae_vaults_stairing_the_circle, nicolae_vaults_network_quincunx
          [nicolae_vaults_network_quincunx_subvault,
          nicolae_vaults_network_quincunx_subvault,
          nicolae_vaults_network_quincunx_subvault,
          nicolae_vaults_network_quincunx_subvault,
          nicolae_vaults_network_quincunx_subvault], ontoclasm_vaults_ligature,
          v_misc_8, ontoclasm_vaults_ring_large, grunt_vaults_focal,
          grunt_vaults_hallway_short, nicolae_vaults_little_squares_2,
          vaults_room_grid, v_rooms_1, layout_vaults_maze,
          nicolae_trove_entry_free_sample
Vaults:3: grunt_vaults_swirl, vaults_standard_mumra_lines,
          hangedman_vaults_locks, nicolae_vaults_network_s,
          vaults_room_stairs_pillars, dpeg_vaults_monster_box,
          nicolae_vaults_little_squares_5, layout_vaults_omnigrid,
          uniq_frederick, uniq_bai_suzhen, uniq_sojobo
Vaults:4: nicolae_vaults_hallways_thing, nicolae_vaults_little_squares_6,
          vaults_room_pools, ontoclasm_vaults_pinch, v_alt_pattern_4, v_misc_5,
          vaults_room_hallway, ontoclasm_vaults_tryst,
          nicolae_vaults_little_squares_5, vaults_mumra_chevron,
          grunt_vaults_hallway_short, vaults_mumra_minichess_inversion,
          vaults_room_fancy_cross, layout_vaults_big_room, uniq_margery,
          uniq_mennas
Depths:1: layout_long_grid, hellmouth_3, nicolae_elemental_shop,
          chequers_serial_rivers_large_b, uniq_saint_roka
Depths:2: nicolae_cairo_tiling_large, layout_basic, rand_demon_pan_entry_8,
          hell_entry, abyss_entry, infiniplex_staircase_x, uniq_josephina
Depths:3: minmay_octo_star, layout_gridlike, serial_shops, shop,
          nicolae_shop_advertising_works [nicolae_subvault_shop_adworks],
          nicolae_shop_temple_entry_statues_fountains, nicolae_shop_stone,
          nicolae_abyss_entry_one_way_or_another, rand_demon_pan_entry_5,
          nicolae_tso_swordbearing_angel, hell_entry,
          minmay_staircase_windowed_large, uniq_parghit

Skill      XL: |  1  2  3  4  5  6  7  8  9 10 11 12 13 14 15 16 17 18 19 20 21 22 23 |
---------------+----------------------------------------------------------------------+-----
Poison Magic   | 4 5 7 8 9 10 | 10.9
Conjurations   | 1 2 4 11 13 | 13.5
Air Magic      | 1 2 |  2.4
Spellcasting   | 4 7 8 10 13 16 17 | 17.2
Fighting       | 3 7 9 12 14 17 18 19 | 19.4
Dodging        | 5 6 8 11 12 13 14 16 | 16.9
Shields        | 5 |  5.0
Maces & Flails | 7 11 12 | 12.0
Transmutations | 2 7 8 |  8.4
Armour         | 5 8 |  8.0
Fire Magic     | 1 5 |  5.8
Evocations     | 8 11 | 11.0
Stealth        | 13 14 | 14.0
Earth Magic    | 2 |  2.0

Action                     |  1- 3 |  4- 6 |  7- 9 | 10-12 | 13-15 | 16-18 | 19-21 | 22-24 || total
---------------------------+-------+-------+-------+-------+-------+-------+-------+-------++-------
  Melee: Short sword       |    17 |       |       |       |       |       |       |       ||    17
         Unarmed           |     1 |       |       |       |       |       |       |       ||     1
         Quarterstaff      |    25 |     9 |    42 |    11 |       |       |       |       ||    87
         Spear             |       |    47 |    64 |       |       |       |       |       ||   111
         Headbutt          |       |       |     6 |    39 |   243 |   265 |   223 |   140 ||   916
         Demon whip        |       |       |       |   199 |   854 |   964 |   684 |   378 ||  3079
   Cast: Sting             |    63 |    76 |    77 |    29 |     2 |       |       |       ||   247
         Poisonous Vapours |     1 |    17 |    42 |    34 |    25 |     8 |       |       ||   127
         Olgreb's Toxic Ra |       |       |    24 |    51 |    84 |    24 |    21 |     5 ||   209
         Mephitic Cloud    |       |       |    10 |    26 |    23 |     2 |     1 |       ||    62
         Searing Ray       |       |       |     6 |    61 |    51 |     9 |     1 |       ||   128
         Eringya's Noxious |       |       |       |       |     4 |     2 |       |     2 ||     8
         Orb of Destructio |       |       |       |       |    27 |    62 |    88 |    45 ||   222
         Arcjolt           |       |       |       |       |    21 |    87 |   147 |    65 ||   320
         Fireball          |       |       |       |       |     5 |    43 |    81 |    18 ||   147
         Irradiate         |       |       |       |       |       |       |    29 |    11 ||    40
         Starburst         |       |       |       |       |       |       |    34 |    15 ||    49
         Iron Shot         |       |       |       |       |       |       |       |    43 ||    43
  Evoke: Wand              |       |       |       |       |     2 |       |     2 |       ||     4
         Box of beasts     |       |       |       |       |     1 |       |       |       ||     1
    Use: Potion            |     2 |     6 |     3 |     3 |    12 |     4 |     9 |    13 ||    52
         Scroll            |     2 |       |    18 |    11 |    16 |     7 |     8 |     4 ||    66
   Stab: Sleeping          |       |     1 |     2 |     2 |     2 |     8 |     7 |     3 ||    25
         Confused          |       |       |     1 |     1 |    10 |     2 |     9 |     1 ||    24
         Petrified         |       |       |       |       |     6 |       |       |       ||     6
         Invisible         |       |       |       |       |     3 |       |       |       ||     3
         Distracted        |       |       |       |       |     1 |       |     1 |       ||     2
         Petrifying        |       |       |       |       |       |       |     1 |     2 ||     3
         Paralysed         |       |       |       |       |       |       |       |     1 ||     1
 Armour: Robe              |    18 |    12 |       |    37 |   114 |    15 |       |       ||   196
         Skin              |       |     2 |       |       |       |       |       |       ||     2
         Leather armour    |       |     5 |    61 |    15 |       |       |       |       ||    81
         Troll leather arm |       |       |       |    20 |       |       |       |       ||    20
         Quicksilver drago |       |       |       |       |       |   282 |   221 |   132 ||   635
  Dodge: Dodged            |    45 |    54 |    97 |   251 |   422 |   534 |   436 |   277 ||  2116
  Block: Buckler           |       |       |       |    62 |   373 |   349 |   286 |   158 ||  1228
         Reflection        |       |       |       |       |    24 |    63 |    77 |    20 ||   184

Table legend: (Time is in decaauts)
 A = Elapsed time spent in this place.
 B = Non-inter-level travel time spent in this place.
 C = Inter-level travel time spent in this place.
 D = Time resting spent in this place.
 E = Time spent auto-exploring this place.
 F = Levels seen in this place.
 G = Mean time per level.
                   A        B        C        D        E       F      G
               +--------+--------+--------+--------+--------+-----+--------+
         Total |  56253 |  53530 |   2723 |  17926 |  18485 |  46 | 1222.9 |
       Dungeon |  18499 |  17512 |    987 |   5793 |   7975 |  15 | 1233.3 |
        Temple |    125 |    107 |     18 |     43 |      7 |   1 |  125.0 |
          Lair |   7171 |   6745 |    426 |   1839 |   3400 |   5 | 1434.2 |
         Swamp |   3550 |   3380 |    170 |    690 |   1349 |   4 |  887.5 |
     Snake Pit |   5359 |   5142 |    217 |   1584 |   1124 |   4 | 1339.8 |
  Orcish Mines |   1564 |   1367 |    197 |    142 |    684 |   2 |  782.0 |
   Elven Halls |   5096 |   4932 |    164 |   1834 |    967 |   3 | 1698.7 |
        Vaults |   7563 |   7075 |    488 |   2959 |   1525 |   4 | 1890.8 |
        Depths |   4772 |   4720 |     52 |   2144 |   1454 |   3 | 1590.7 |
         Abyss |    194 |    194 |      0 |      0 |      0 |   1 |  194.0 |
        Bazaar |    153 |    153 |      0 |      0 |      0 |   1 |  153.0 |
        Bailey |    460 |    460 |      0 |    226 |      0 |   1 |  460.0 |
      Ice Cave |   1323 |   1323 |      0 |    623 |      0 |   1 | 1323.0 |
      Gauntlet |    419 |    419 |      0 |     48 |      0 |   1 |  419.0 |
               +--------+--------+--------+--------+--------+-----+--------+

Top non-repeatable levels by time:
Vaults:1: 2969 daAuts
  Lair:5: 2157 daAuts
   Elf:3: 2149 daAuts
Depths:2: 2148 daAuts
     D:9: 2012 daAuts
Vaults:3: 1963 daAuts
 Snake:1: 1939 daAuts
   Elf:2: 1917 daAuts
    D:14: 1901 daAuts
     D:4: 1784 daAuts
     D:8: 1590 daAuts
  Lair:3: 1535 daAuts
Vaults:2: 1485 daAuts
Depths:3: 1476 daAuts
    D:11: 1400 daAuts
